 Dungeon Crawl Stone Soup version 0.20-a0-548-g4f8a798 (webtiles) character file.

110 Alarkh the Chopper (level 4, -9/36 HPs)
             Began as a Demonspawn Monk on Feb 1, 2017.
             Mangled by a worm (11 damage)
             ... on level 4 of the Dungeon.
             The game lasted 00:02:39 (2608 turns).

Alarkh the Chopper (Demonspawn Monk)                Turns: 2608, Time: 00:02:39

Health: -9/36      AC:  4    Str: 11    XL:     4   Next: 61%
Magic:  4/4        EV: 14    Int: 12    God:
Gold:   145        SH:  0    Dex: 22    Spells: 3/3 levels left

rFire    . . .     SeeInvis .   a - +0 hand axe
rCold    . . .     Gourm    .   b - +0 robe
rNeg     . . .     Faith    .   (no shield)
rPois    .         Spirit   .   (no helmet)
rElec    .         Reflect  .   s - +0 cloak
rCorr    +         Harm     .   (no gloves)
MR       .....                  (no boots)
Stlth    ++........             (no amulet)
Regen    0.2/turn               v - +6 ring of dexterity
                                r - ring of resist corrosion

@: no status effects
A: talons 1, rugged brown scales 1
a: no special abilities


You were on level 4 of the Dungeon.
You were hungry.

You visited 1 branch of the dungeon, and saw 4 of its levels.

You collected 145 gold pieces.

Inventory:

Hand Weapons
 a - a +0 hand axe (weapon)
Armour
 b - a +0 robe (worn)
 s - a +0 cloak (worn)
Jewellery
 r - a ring of resist corrosion (left hand)
 v - a +6 ring of dexterity (right hand)
Scrolls
 d - 2 scrolls of blinking
 e - a scroll of identify
 g - a scroll of teleportation
 h - a scroll of remove curse
 m - a scroll of amnesia
 n - a scroll of fog
 p - a scroll of enchant armour
 q - a scroll of immolation
Potions
 j - a potion of heal wounds
 k - 3 potions of curing
 o - a potion of lignification
 t - a potion of ambrosia
Comestibles
 c - 3 bread rations
 f - a chunk of flesh
 i - 4 meat rations
 l - 3 fruits
 u - 2 royal jellies


   Skills:
 - Level 3.0 Fighting
 + Level 4.9 Axes
 - Level 2.6 Dodging
 - Level 1.7 Stealth


You had 3 spell levels left.
You didn't know any spells.

Dungeon Overview and Level Annotations

Branches:
Dungeon (4/15)
 Temple: D:4-7

Altars:
Xom

Shops:
D:4 *


Innate Abilities, Weirdness & Mutations

You have sharp toenails.
You are partially covered in rugged brown scales. (AC +1, +3% HP)


Message History

You are too injured to fight recklessly!
You are too injured to fight recklessly!
You are too injured to fight recklessly!
You are too injured to fight recklessly!
You are too injured to fight recklessly!
You are too injured to fight recklessly!
You are too injured to fight recklessly!
You are too injured to fight recklessly!
You are too injured to fight recklessly!
You are too injured to fight recklessly!
You hit the worm but do no damage. You claw the worm, but do no damage.
The worm is severely wounded.
The worm bites you!
* * * LOW HITPOINT WARNING * * *
You barely miss the worm. You claw the worm.
The worm is severely wounded.
You hit the worm. Your kick misses the worm.
The worm is almost dead.
The worm bites you!
You die...

##.....## #.......#
..# #.......##
.....#
#....?...##.....#
#...?.....#.....
.........#$..#
#.#w#!.......#
#..∩@.......#
###.#.......#
#...#....##
#######..# #..##
##..# #..##
############ #.##
#..........######.#


You could see a worm.

Vanquished Creatures
  4 adders
  A worm (D:3)
  A dart slug (D:1)
  A leopard gecko (D:3)
  2 orcs (D:3)
  6 bats
  6 giant cockroaches
  6 goblins
  14 hobgoblins
  4 jackals (D:1)
  A quokka (D:3)
  A ball python (D:2)
  6 frilled lizards
  3 kobolds
  3 rats
59 creatures vanquished.

Notes
Turn   | Place    | Note
-------+----------+-------------------------------------------
     0 | D:1      | Alarkh the Demonspawn Monk began the quest for the Orb.
     0 | D:1      | Reached XP level 1. HP: 18/18 MP: 1/1
    92 | D:1      | Reached skill level 3 in Axes
   131 | D:1      | Gained mutation: You are partially covered in rugged brown scales. (AC +1, +3% HP) [demonic ancestry]
   131 | D:1      | Reached XP level 2. HP: 18/24 MP: 2/2
   705 | D:1      | Gained mutation: You have sharp toenails. [demonic ancestry]
   705 | D:1      | Reached XP level 3. HP: 29/29 MP: 3/3
  1026 | D:2      | You fall through a shaft!
  1026 | D:3      | Found a faded altar of an unknown god.
  1103 | D:3      | Reached skill level 4 in Axes
  1544 | D:2      | Reached XP level 4. HP: 36/36 MP: 4/4
  1782 | D:3      | Found a shimmering altar of Xom.
  1782 | D:3      | Found a shimmering altar of Xom.
  1784 | D:3      | Found a shimmering altar of Xom.
  1784 | D:3      | Found a shimmering altar of Xom.
  1784 | D:3      | Found a shimmering altar of Xom.
  1784 | D:3      | Found a shimmering altar of Xom.
  1799 | D:3      | Found a shimmering altar of Xom.
  2588 | D:4      | Found Tibi's General Store.
  2608 | D:4      | Mangled by a worm

Vault maps used:
D:1:      matt_arrival_diagonals, st_stairs_4
D:3:      chequers_ecumenical_altar_simple, nicolae_xom_altar_mimics
D:4:      serial_shops, nicolae_shop_crystal, kennysheep_mini,
          kennysheep_mini_moat, shop

Skill      XL: |  1  2  3 |
---------------+----------+-----
Axes           | 3 4 |  4.9
Fighting       | |  3.0
Dodging        | |  2.6
Stealth        | |  1.7

Action                   |  1- 3 |  4- 6 || total
-------------------------+-------+-------++-------
Melee: Hand axe          |   122 |    81 ||   203
       Kick              |    21 |    18 ||    39
  Use: Potion            |     2 |     1 ||     3
       Scroll            |       |     9 ||     9
 Stab: Sleeping          |     7 |     4 ||    11
  Eat: Chunk             |     2 |     3 ||     5
Armor: Robe              |    19 |    18 ||    37
       Skin              |     7 |       ||     7
Dodge: Dodged            |    68 |    51 ||   119
